 Dungeon Crawl Stone Soup version 0.17-a0-1295-gefc790a (webtiles) character file.

718 Max123 the Poker (level 7, 0/94 HPs)
             Began as a Minotaur Berserker on June 7, 2015.
             Was a Priest of Trog.
             Slain by ShansongY's ghost (2 damage)
             ... on level 4 of the Dungeon.
             The game lasted 00:50:28 (5097 turns).

Max123 the Poker (Minotaur Berserker)               Turns: 5097, Time: 00:50:28

Health: 0/94       AC:  7    Str: 28    XL:     7   Next: 42%
Magic:  6/6        EV: 11    Int:  4    God:    Trog [***...]
Gold:   202        SH:  0    Dex: 10    Spells: 0 memorised, 6 levels left

rFire  . . .     SeeInvis .     a - +0 spear
rCold  . . .     Clarity  .     m - +0 ring mail
rNeg   . . .     SustAt   .     (no shield)
rPois  .         Gourm    .     (helmet restricted)
rElec  .         Spirit   .     (no cloak)
rCorr  .         Warding  .     z - +0 pair of gloves
rMut   .         Stasis   .     (no boots)
MR     .....                    l - amulet of rage
Stlth  ..........               (no ring)
                                (no ring)

@: berserking (expiring), very quick, not resistant to hostile enchantments,
extremely unstealthy
A: retaliatory headbutt, horns 2
a: Burn Spellbooks, Berserk, Trog's Hand, Renounce Religion, Evoke Berserk Rage


You were on level 4 of the Dungeon.
You worshipped Trog.
Trog was most pleased with you.
You were not hungry.

You visited 1 branch of the dungeon, and saw 4 of its levels.

You collected 202 gold pieces.

Inventory:

Hand weapons
 a - a +0 spear (weapon)
 y - a +0 hand crossbow
 C - a +2 dagger of draining
 E - a +0 hand axe of electrocution
Missiles
 f - 46 bolts
 t - 33 poisoned needles
 B - 7 javelins of returning (quivered)
Armour
 b - a +0 animal skin
 m - a +0 ring mail (worn)
 z - a +0 pair of gloves (worn)
 D - a cursed -2 ring mail
 G - a +0 leather armour
 K - a +0 scale mail
Jewellery
 k - an uncursed amulet of the gourmand {unknown}
 l - an amulet of rage (around neck)
 M - an uncursed ring of invisibility {unknown}
Magical devices
 s - a wand of flame (7)
Scrolls
 d - 5 scrolls of identify
 g - a scroll of blinking {unknown}
 h - 2 scrolls of remove curse
 n - a scroll of fear {unknown}
 o - 2 scrolls of recharging {unknown}
 u - a scroll of enchant weapon {unknown}
 v - a scroll of enchant armour {unknown}
 J - a scroll of teleportation {unknown}
Potions
 e - 2 potions of flight {unknown}
 i - a potion of lignification {unknown}
 p - a potion of resistance {unknown}
 q - 2 potions of might {unknown}
 r - a potion of brilliance {unknown}
 w - a potion of heal wounds {unknown}
 x - a potion of poison {unknown}
 A - a potion of curing {unknown}
 H - a potion of agility {unknown}
Books
 I - a book of Maledictions

   Spells                             Type                      Level
   a - Corona                         Hexes                        1
   b - Ensorcelled Hibernation        Hexes/Ice                    2
   c - Confuse                        Hexes                        3
   d - Tukima's Dance                 Hexes                        3
   e - Dazzling Spray                 Conjuration/Hexes            3
   Trog disapproves of the use of such an item.
Comestibles
 c - a bread ration
 j - 4 fruits
 F - a slice of pizza


   Skills:
 - Level 6.0 Fighting
 * Level 7.0 Polearms
 + Level 6.1 Armour
 - Level 2.1 Dodging
 + Level 1.2 Stealth


You had 6 spell levels left.
You didn't know any spells.

Dungeon Overview and Level Annotations

Branches:
Dungeon (4/15)
 Temple: D:4-7

Altars:
The Shining One

Annotations:
D:4 exclusion: player ghost, ShansongY's ghost, average FeTm


Innate Abilities, Weirdness & Mutations

You reflexively headbutt those who attack you in melee.
You have a pair of horns on your head.


Message History

Unknown command.
You are too berserk!
You miss ShansongY's ghost. Your headbutt misses ShansongY's ghost.
ShansongY's ghost is severely damaged.
You miss ShansongY's ghost.
ShansongY's ghost is severely damaged.
ShansongY's ghost hits you!
* * * LOW HITPOINT WARNING * * *
You miss ShansongY's ghost.
ShansongY's ghost is severely damaged.
ShansongY's ghost hits you.
* * * LOW HITPOINT WARNING * * *
You miss ShansongY's ghost.
ShansongY's ghost is severely damaged.
You completely miss ShansongY's ghost. Your headbutt misses ShansongY's ghost.
ShansongY's ghost is severely damaged.
You barely miss ShansongY's ghost. Your headbutt misses ShansongY's ghost.
ShansongY's ghost is severely damaged.
ShansongY's ghost hits you.
You die...

####...#...###.#
#.##.#####
#..#.....##.#
#.........
#........)..#
####.#####
#.##.....#### #<#
#.###...##########.#
#.# ##..........##.#
#.# ##########.##.#
##.######## #.##.#
#.......@.# #.##.#
##.######W# #.##.#
### #.# #.##.#####
#.# #.##...... #.#
#......# #.#
######.# ##.## #.# #
#...# #.### #...#
#....


You could see ShansongY's ghost.

Vanquished Creatures
  An ice beast (D:3)
  A phantom (D:3)
  2 ogres (D:4)
  A scorpion (D:4)
  An orc priest (D:4)
  Ijyb (D:2)
  2 orc wizards (D:4)
  2 worker ants (D:4)
  Robin (D:1)
  3 adders
  An ooze (D:1)
  An adder skeleton (D:4)
  3 worms
  5 giant geckos
  11 orcs
  11 bats
  2 giant cockroaches
  20 goblins
  3 hobgoblins
  2 quokkas
  A ball python (D:2)
  4 giant newts
  4 jackals
  6 kobolds
  9 rats
98 creatures vanquished.

Notes
Turn   | Place    | Note
--------------------------------------------------------------
     0 | D:1      | Max123 the Minotaur Berserker began the quest for the Orb.
     0 | D:1      | Reached XP level 1. HP: 19/19 MP: 0/0
   293 | D:1      | Reached skill level 4 in Polearms
   433 | D:1      | Reached XP level 2. HP: 25/27 MP: 1/1
  1153 | D:1      | Found a glowing golden altar of the Shining One.
  1516 | D:2      | Reached XP level 3. HP: 33/33 MP: 2/2
  1536 | D:2      | Acquired Trog's second power
  1719 | D:2      | Noticed Robin
  1759 | D:1      | Killed Robin
  2025 | D:2      | Reached XP level 4. HP: 37/41 MP: 3/3
  2346 | D:2      | Noticed Ijyb
  2362 | D:2      | Killed Ijyb
  3044 | D:3      | Reached skill level 5 in Polearms
  3386 | D:3      | Noticed a phantom
  3421 | D:3      | Noticed an ice beast
  3428 | D:3      | Killed a phantom
  3428 | D:3      | Reached skill level 1 in Stealth
  3428 | D:3      | Reached XP level 5. HP: 29/47 MP: 4/4
  3571 | D:3      | Killed an ice beast
  3571 | D:3      | Reached skill level 5 in Fighting
  3571 | D:3      | Reached skill level 5 in Armour
  3571 | D:3      | Reached XP level 6. HP: 21/56 MP: 5/5
  4110 | D:4      | Reached skill level 6 in Polearms
  4118 | D:4      | Received a gift from Trog
  4244 | D:4      | Reached XP level 7. HP: 40/62 MP: 6/6
  4435 | D:4      | Noticed ShansongY's ghost (average FeTm)
  5043 | D:4      | Reached skill level 7 in Polearms
  5093 | D:4      | HP: 3/94 [ShansongY's ghost (11)]
  5094 | D:4      | HP: 1/94 [ShansongY's ghost (2)]
  5097 | D:4      | Slain by ShansongY's ghost

Vault maps used:
D:1:      matt_arrival_grand_opening, serial_co_window_serial,
          co_window_paths_a, co_window_of_opportunity_a, co_window_corner_a,
          co_window_paths_b, co_window_paths_b, co_window_paths_a,
          co_window_paths_a, co_window_corner_ca, co_window_corner_ca,
          co_window_corner_b, co_window_4corner_b, co_window_paths_e,
          glass_columns_a, glass_columns_c, tso_altar
D:2:      first_bread, uniq_robin, uniq_iyjb
D:3:      minmay_box_of_dots
D:4:      minmay_temple_entry_trees

Action                   |  1- 3 |  4- 6 |  7- 9 || total
-------------------------+-------+-------+-------++-------
Melee: Spear             |   107 |   148 |   102 ||   357
Throw: Javelin           |       |       |     1 ||     1
Invok: Berserk           |       |     3 |     1 ||     4
  Use: Scroll            |       |       |     4 ||     4
  Eat: Chunk             |     3 |     4 |     2 ||     9
       Bread ration      |       |     1 |     1 ||     2
       Beef jerky        |       |     1 |       ||     1
